 Dungeon Crawl Stone Soup version 0.30-a0-1102-g2dbb833546 (webtiles) character file.

Game seed: 6450921358865818553

2455 Conn the Sneak (level 9, -2/53 HPs)
             Began as an Octopode Fire Elementalist on Apr 18, 2023.
             Was a Believer of Sif Muna.
             Slain by a wyvern (11 damage)
             ... on level 7 of the Dungeon.
             The game lasted 00:26:47 (7390 turns).

Conn the Sneak (Octopode Fire Elementalist)         Turns: 7390, Time: 00:26:47

Health: -2/53      AC:  1    Str:  7    XL:     9   Next: 50%
Magic:  13/18      EV: 13    Int: 28    God:    Sif Muna [**....]
Gold:   317        SH:  5    Dex: 12    Spells: 4/21 levels left

rFire   + . .      SeeInvis +    D - +2 dagger (protect)
rCold   + . .      Faith    .    h - +0 buckler
rNeg    . . .      Spirit   .    (helmet restricted)
rPois   .          Reflect  .    (no amulet)
rElec   .          Rampage  .    r - ring of protection from cold
rCorr   .                        t - +4 ring of slaying
Will    .....                    u - ring of protection from fire
Stlth   ++++                     z - ring of see invisible
HPRegen 0.28/turn                G - +6 ring of intelligence
MPRegen 0.16/turn                (no ring)
                                 (no ring)
                                 (no ring)

@: no status effects
A: almost no armour, amphibious, 8 rings, camouflage 1, gelatinous body 1,
(nimble swimmer 1), tentacles
a: Renounce Religion, Channel Magic


You were on level 7 of the Dungeon.
You worshipped Sif Muna.
Sif Muna was pleased with you.
You visited 1 branch of the dungeon, and saw 7 of its levels.

You collected 317 gold pieces.

Inventory:

Hand Weapons
 f - a +0 dagger of speed
 x - a +1 short sword of venom
 D - a +2 dagger of protection (weapon)
Missiles
 d - 9 javelins
 y - a curare-tipped dart
 B - a throwing net (quivered)
Armour
 h - a +0 buckler (worn)
 q - an orb of mayhem
Jewellery
 r - a ring of protection from cold (left tentacle)
 t - a +4 ring of slaying (right tentacle)
 u - a ring of protection from fire (on tentacle)
 z - a ring of see invisible (on tentacle)
 G - a +6 ring of intelligence (on tentacle)
Wands
 v - a wand of digging (3)
Scrolls
 c - a scroll of summoning {unknown}
 e - a scroll of amnesia {unknown}
 i - a scroll of teleportation {unknown}
 k - a scroll of brand weapon {unknown}
 m - 2 scrolls of identify {unknown}
 p - a scroll of magic mapping {unknown}
 s - 3 scrolls of poison
 A - a scroll of enchant weapon {unknown}
 C - 2 scrolls of acquirement {unknown}
 E - 2 scrolls of silence {unknown}
 H - 2 scrolls of immolation {unknown}
Potions
 a - 2 potions of magic
 b - 2 potions of mutation {unknown}
 g - a potion of flight {unknown}
 j - a potion of brilliance {unknown}
 l - 5 potions of curing
 n - a potion of cancellation {unknown}
 o - 2 potions of heal wounds {unknown}
 w - 2 potions of lignification {unknown}
 F - a potion of might {unknown}
 I - a potion of attraction {unknown}
 J - a potion of ambrosia {unknown}
 K - a potion of haste {unknown}


   Skills:
 + Level 1.4 Fighting
 + Level 2.3 Short Blades
 + Level 1.0 Throwing
 + Level 2.4 Dodging
 + Level 6.5 Stealth
 * Level 4.8 Shields
 * Level 6.5 Spellcasting
 * Level 4.0 Conjurations
 + Level 0.2 Hexes
 * Level 2.9 Summonings
 + Level 5.0 Fire Magic
 * Level 2.0 Air Magic
 * Level 1.4 Invocations


You had 4 spell levels left.
You knew the following spells:

 Your Spells              Type           Power      Damage    Failure   Level
a - Foxfire               Conj/Fire      100%       2x1d9     1%          1
b - Flame Wave            Conj/Fire      34%        2d10      11%         4
c - Inner Flame           Hex/Fire       23%        N/A       8%          3
d - Summon Small Mammal   Summ           100%       N/A       2%          1
e - Scorch                Fire           74%        2d8       1%          2
f - Summon Guardian Gole  Hex/Summ       17%        N/A       12%         3
g - Swiftness             Air            20%        N/A       10%         3

Your spell library contained the following spells:

 Spells                   Type           Power      Damage    Failure   Level
 Call Canine Familiar     Summ           25%        N/A       7%          3
 Apportation              Tloc           18%        N/A       8%          1
 Necrotise                Necr           36%        1d5       8%          1
 Sting                    Tmut/Pois      36%        1d4       8%          1
 Poisonous Vapours        Pois/Air       28%        N/A       8%          2
 Volatile Blastmotes      Fire/Tloc      46%        2d13      8%          3
 Ensorcelled Hibernation  Hex/Ice        18%        N/A       11%         2
 Passwall                 Tmut/Erth      7%         N/A       11%         2
 Portal Projectile        Hex/Tloc       18%        N/A       22%         3
 Leda's Liquefaction      Hex/Erth       4%         N/A       56%         4
 Ice Form                 Ice/Tmut       9%         N/A       58%         4
 Olgreb's Toxic Radiance  Pois           9%         N/A       58%         4
 Yara's Violent Unravell  Hex/Tmut       4%         3d4       89%         5
 Statue Form              Tmut/Erth      6%         N/A       100%        6
 Enfeeble                 Hex            5%         N/A       100%        7
 Orb of Destruction       Conj           15%        9d7       100%        7
 Spellforged Servitor     Conj/Summ      14%        N/A       100%        7
 Necromutation            Tmut/Necr      4%         N/A       100%        8


Dungeon Overview and Level Annotations

Branches:
Dungeon (7/15)
 Temple: D:4-7

Altars:
Dithmenos
Hepliaklqana
Okawaru
Sif Muna
Yredelemnul
The Shining One

Shops:
D:6 =

Annotations:
D:7 Duvessa


Innate Abilities, Weirdness & Mutations

You cannot wear most types of armour.
You are amphibious.
You can wear up to eight rings at the same time.
Your skin changes colour to match your surroundings (Stealth+).
Your rubbery body absorbs attacks. (AC +1, EV +1)
((You are camouflaged when in or above water. (Stealth+)))
You have tentacles for arms and can constrict up to eight enemies at once.


Message History

Casting: Flame Wave (dangerous; 11% risk of failure)
Confirm with . or Enter, or press ? or * to list all spells.
Okay, then.
Unknown command.
Unknown command.
Okay, then.
Unknown command.
Okay, then.
Unknown command.
Unknown command.
Unknown command.
Casting: Flame Wave (dangerous; 11% risk of failure)
Confirm with . or Enter, or press ? or * to list all spells.
Casting: Flame Wave (dangerous; 11% risk of failure)
Press: ? - help, Dir - look around, f - activate A wave of flame ripples out!
The flame wave engulfs the scorpion.
The scorpion is moderately wounded.
The flame wave engulfs the iguana!!
You kill the iguana!
Sif Muna accepts your kill.
The flame wave engulfs the bullfrog!
The bullfrog is severely wounded.
The flame wave engulfs the wyvern!
The wyvern is moderately wounded. (Press . to intensify the flame waves.)
The bullfrog barely misses you.
You hear a shout!
The wyvern bites you! The scorpion stings you!
* * * LOW HITPOINT WARNING * * *
You block the bullfrog's attack.
Okay, then.
A wave of flame ripples out!
The flame wave engulfs the scorpion!
The scorpion is almost dead.
The flame wave engulfs the bullfrog.
The bullfrog is almost dead.
The flame wave engulfs the wyvern.
The wyvern is heavily wounded.
You hear a shout!
The wyvern bites you!
You die...

.... ..#.. .
... #....# .!
#.. .....#
...#..##.....
...........###
.............#
........F....##
.......@†......
....##s#l###.$.
. ... ... ..##.
###.# #. .. #
.. .. . #.. ...


You could see a wyvern, a bullfrog and a scorpion.

Vanquished Creatures
  Grinder (D:6)
  A water moccasin (D:7)
  3 black bears
  An ice beast (D:5)
  The ghost of FlurksSlurper the Sneak, an amateur DsBr (D:3)
  A phantom (D:6)
  A kobold brigand (D:6)
  A gnoll sergeant (D:5)
  3 scorpions
  Dowan (D:7)
  3 killer bees (D:7)
  A howler monkey (D:4)
  A crimson imp (D:5)
  3 orc priests
  3 hounds
  A jelly (D:5)
  Crazy Yiuf (D:3)
  Jessica (D:2)
  Ijyb (D:3)
  3 iguanas
  A sleepcap (D:6)
  12 orc wizards
  11 adders
  13 gnolls
  A shadow imp (D:5)
  2 white imps (D:5)
  2 ufetubi (D:6)
  A worm (D:2)
  5 dart slugs
  19 orcs
  6 endoplasms
  2 giant cockroaches (D:1)
  7 goblins
  5 hobgoblins
  5 jackals
  23 kobolds
  2 quokkas (D:2)
  9 ball pythons
  6 bats
  2 frilled lizards (D:1)
  15 rats
181 creatures vanquished.

Vanquished Creatures (collateral kills)
  7 foxfires (D:6)
7 creatures vanquished.

Vanquished Creatures (others)
  227 foxfires
  58 plants (D:6)
285 creatures vanquished.

Grand Total: 473 creatures vanquished

Notes
Turn   | Place    | Note
-------+----------+-------------------------------------------
     0 | D:1      | Conn the Octopode Fire Elementalist began the quest for the
                  | Orb.
     0 | D:1      | Reached XP level 1. HP: 11/11 MP: 3/3
   216 | D:1      | Reached XP level 2. HP: 17/17 MP: 3/5
   619 | D:1      | Reached XP level 3. HP: 21/21 MP: 6/6
  1259 | D:2      | Reached skill level 1 in Short Blades
  1543 | D:2      | Found a glowing golden altar of the Shining One.
  1559 | D:2      | Reached XP level 4. HP: 27/27 MP: 3/7
  1607 | D:2      | Noticed Jessica
  1613 | D:2      | Killed Jessica
  2097 | D:3      | Noticed Ijyb
  2111 | D:2      | Learned a level 2 spell: Scorch
  2115 | D:2      | Learned a level 3 spell: Inner Flame
  2190 | D:3      | Killed Ijyb
  2191 | D:3      | Reached XP level 5. HP: 14/32 MP: 0/9
  2392 | D:3      | Reached skill level 1 in Fighting
  2411 | D:3      | Got the Folio of Transmogrification
  2543 | D:3      | Reached skill level 5 in Stealth
  2715 | D:3      | Reached skill level 1 in Shields
  2790 | D:3      | Found a runed translucent door.
  2793 | D:3      | Reached XP level 6. HP: 17/38 MP: 0/10
  2801 | D:3      | Noticed FlurksSlurper's ghost (amateur DsBr)
  2996 | D:3      | Found a runed translucent door.
  2997 | D:3      | Noticed Crazy Yiuf
  3005 | D:3      | Learned a level 4 spell: Flame Wave
  3010 | D:3      | Killed Crazy Yiuf
  3322 | D:3      | Killed FlurksSlurper's ghost
  3381 | D:3      | Learned a level 1 spell: Summon Small Mammal
  3522 | D:4      | Reached XP level 7. HP: 43/43 MP: 3/12
  3611 | D:4      | Reached skill level 1 in Throwing
  3668 | D:4      | Found an iron altar of Okawaru.
  3961 | D:4      | Found a shimmering blue altar of Sif Muna.
  3961 | D:4      | Found a basalt altar of Yredelemnul.
  3969 | D:4      | Became a worshipper of Sif Muna the Loreminder
  4863 | D:5      | Entered Level 5 of the Dungeon
  5004 | D:5      | Reached XP level 8. HP: 48/48 MP: 1/15
  5527 | D:5      | Reached skill level 5 in Spellcasting
  5564 | D:5      | Found a shadowy altar of Dithmenos.
  5711 | D:5      | Found a hazy altar of Hepliaklqana.
  5979 | D:5      | Learned a level 3 spell: Summon Guardian Golem
  5983 | D:5      | Learned a level 3 spell: Swiftness
  6014 | D:6      | Reached * piety under Sif Muna
  6145 | D:6      | Reached skill level 1 in Summonings
  6146 | D:6      | Reached skill level 1 in Air Magic
  6269 | D:6      | Reached ** piety under Sif Muna
  6654 | D:6      | Found Kuxobeuj's Jewellery Emporium.
  6654 | D:6      | Noticed Grinder
  6660 | D:6      | Killed Grinder
  6661 | D:6      | Reached skill level 5 in Fire Magic
  6661 | D:6      | Reached skill level 1 in Invocations
  6661 | D:6      | Reached XP level 9. HP: 53/53 MP: 10/17
  7250 | D:7      | Noticed Dowan
  7253 | D:7      | Killed Dowan
  7255 | D:7      | Noticed Duvessa
  7390 | D:7      | Slain by a wyvern

Illustrated notes

Levels and vault maps discovered:
D:1:      dpeg_arrival_circle_labyrinth_c, layout_basic
D:2:      layout_basic, basic_altar, minmay_misc_feat_columns, uniq_jessica
D:3:      layout_loops_ring, ebering_ghost_reflecting_pool,
          uniq_crazy_yiuf_cottage, uniq_ijyb
D:4:      layout_basic, okawaru_metal_pillars_3, amethyst_overflow_temple_binary
D:5:      layout_basic, mainiacjoe_overflow_cross_hatched,
          mainiacjoe_overflow_tiny_flanked, amethyst_killhole,
          minmay_fire_ice_demons
D:6:      kennysheep_kobold_camp, layout_gridville, serial_shops,
          nicolae_shop_tiny_glass, uniq_grinder
D:7:      layout_rooms, minmay_temple_entry_nine_rooms,
          minmay_chambers_of_fives, uniq_duvessa

Skill      XL: |  1  2  3  4  5  6  7  8  9 |
---------------+----------------------------+-----
Stealth        | 3 4 5 6 |  6.5
Short Blades   | 1 2 |  2.3
Fighting       | 1 |  1.4
Spellcasting   | 3 4 5 6 |  6.5
Shields        | 1 2 3 4 |  4.8
Conjurations   | 2 3 4 |  4.0
Throwing       | 1 |  1.0
Fire Magic     | 4 5 |  5.0
Summonings     | 1 2 |  2.9
Air Magic      | 1 2 |  2.0
Invocations    | 1 |  1.4
Dodging        | |  2.4
Hexes          | |  0.2

Action                     |  1- 3 |  4- 6 |  7- 9 || total
---------------------------+-------+-------+-------++-------
  Melee: Unarmed           |    10 |       |       ||    10
         Tentacles         |    14 |     9 |    31 ||    54
         Constrict         |    13 |     8 |    29 ||    50
         Dagger            |    57 |    24 |    91 ||   172
         Short sword       |       |    23 |       ||    23
         Punch             |       |       |     2 ||     2
  Throw: Javelin           |       |     4 |       ||     4
         Throwing net      |       |     1 |       ||     1
   Cast: Foxfire           |    15 |    31 |    84 ||   130
         Scorch            |       |    16 |    18 ||    34
         Inner Flame       |       |     3 |     3 ||     6
         Flame Wave        |       |       |     9 ||     9
         Summon Guardian G |       |       |     1 ||     1
  Evoke: Wand              |       |     1 |     2 ||     3
    Use: Potion            |       |     1 |     1 ||     2
         Scroll            |       |       |     1 ||     1
   Stab: Sleeping          |    18 |     8 |    13 ||    39
 Armour: Skin              |     7 |     1 |    14 ||    22
  Dodge: Dodged            |    29 |    32 |    47 ||   108
  Block: Buckler           |     7 |     4 |    13 ||    24

Table legend: (Time is in decaauts)
 A = Elapsed time spent in this place.
 B = Non-inter-level travel time spent in this place.
 C = Inter-level travel time spent in this place.
 D = Time resting spent in this place.
 E = Time spent auto-exploring this place.
 F = Levels seen in this place.
 G = Mean time per level.
                   A        B        C        D        E       F      G
               +--------+--------+--------+--------+--------+-----+--------+
         Total |   7365 |   6990 |    375 |    631 |   4421 |   7 | 1052.1 |
       Dungeon |   7365 |   6990 |    375 |    631 |   4421 |   7 | 1052.1 |
               +--------+--------+--------+--------+--------+-----+--------+

Top non-repeatable levels by time:
     D:4: 1426 daAuts
     D:3: 1367 daAuts
     D:6: 1364 daAuts
     D:1: 1181 daAuts
     D:5: 1059 daAuts
     D:2: 944 daAuts
     D:7: 21 daAuts
